 Dungeon Crawl Stone Soup version 0.27.1-15-g792fb953b9 (webtiles) character file.

Game seed: 9307354147896111124

80 styxcanada the Sneak (level 4, 0/23 HPs)
             Began as a Spriggan Brigand on Nov 20, 2021.
             Slain by an orc (9 damage)
             ... on level 3 of the Dungeon.
             The game lasted 00:07:55 (2224 turns).

styxcanada the Sneak (Spriggan Brigand)             Turns: 2224, Time: 00:07:55

Health: 0/23       AC:  3    Str:  7    XL:     4   Next: 18%
Magic:  5/5        EV: 17    Int: 18    God:
Gold:   19         SH:  0    Dex: 17    Spells: 0/3 levels left

rFire    . . .     SeeInvis +   o - +2 dagger (elec)
rCold    . . .     Faith    .   (shield restricted)
rNeg     . . .     Spirit   .   b - +0 robe
rPois    .         Reflect  .   (helmet restricted)
rElec    .         Harm     .   c - +0 cloak
rCorr    .         Rampage  .   (gloves unavailable)
Will     .....                  (boots unavailable)
Stlth    ++++......             (no amulet)
HPRegen  0.07/turn              q - +4 ring of slaying
MPRegen  0.09/turn              h - +6 ring of intelligence

@: very quick
A: very small, no large weapons, unfitting armour, see invisible, speed 3
a: no special abilities


You were on level 3 of the Dungeon.
You visited 1 branch of the dungeon, and saw 3 of its levels.

You collected 19 gold pieces.

Inventory:

Hand Weapons
 a - a +2 dagger
 k - a +1 dagger of freezing
 o - a +2 dagger of electrocution (weapon)
 p - a +0 hunting sling
Missiles
 d - 17 poisoned darts (quivered)
 e - 2 curare-tipped darts
 l - 29 stones
 s - 8 boomerangs
 t - 23 sling bullets
Armour
 b - a +0 robe (worn)
 c - a +0 cloak (worn)
Jewellery
 h - a +6 ring of intelligence (right hand)
 q - a +4 ring of slaying (left hand)
Scrolls
 i - a scroll of identify
 j - 2 scrolls of immolation {unknown}
 n - a scroll of noise {unknown}
 r - a scroll of amnesia {unknown}
Potions
 f - 3 potions of haste
 g - 3 potions of curing
 m - a potion of heal wounds


   Skills:
 * Level 1.7 Fighting
 + Level 2.6 Short Blades
 + Level 2.0 Throwing
 * Level 2.1 Dodging
 * Level 7.9 Stealth
 * Level 0.1 Conjurations


You couldn't memorise any spells.
You knew the following spells:

 Your Spells              Type           Power      Damage    Failure   Level
a - Conjure Flame         Conj/Fire      0%         6-21      54%         3

Your spell library contained the following spells:

 Spells                   Type           Power      Damage    Failure   Level
 Ignite Poison            Fire/Tmut/Pois 0%         N/A       54%         3
 Sticky Flame             Conj/Fire      0%         2d3       91%         4


Dungeon Overview and Level Annotations

Branches:
Dungeon (3/15)

Altars:


Innate Abilities, Weirdness & Mutations

You are very small and have problems with some larger weapons.
You are too small for most types of armour.
You have supernaturally acute eyesight. (SInv)
You cover ground extremely quickly. (Speed+++)


Message History

An orc comes into view. It is wielding a +0 morningstar.
The orc shouts!
You hear a shout! x2
An orc comes into view. It is wielding a +0 hand axe.
An orc comes into view. It is wielding a +0 dagger.
You hear a shout!
An orc comes into view. It is wielding a +0 flail.
An endoplasm comes into view.
The endoplasm quivers.
The orc shouts!
The bat misses you.
You barely miss the bat. The bat closely misses you.
An orc wizard comes into view. It is wielding a +0 dagger.
You closely miss the bat.
The orc shouts!
The bat completely misses you.
You closely miss the orc. The bat hits you but does no damage.
The orc hits you with a +0 flail.
A kobold comes into view. It is wielding a +0 club.
The bat hits you.
You closely miss the bat. The bat hits you but does no damage.
An adder comes into view.
The orc hits you with a +0 morningstar. The orc barely misses you.
The adder moves out of view.
The bat hits you. The bat misses you. The bat closely misses you.
Found the Catalogue of Floating Moulding.
The bat misses you.
You hit the bat.
You kill the bat!
You barely miss the orc. The orc barely misses you.
You hit the orc.
The orc is almost dead.
The orc wizard gestures wildly while chanting.
The orc wizard flickers and vanishes for a moment.
The orc misses you.
You hit the orc.
You kill the orc!
The orc hits you with a +0 morningstar!
You die...

#...............
#................# ##.
:..#######...##..#...
...##........#..$#.#
....####.........# .# .
...# #.......#....#
...##.. #.......##..###
.......###o..).....$...
#...@oJ....(.##..#
######oo......#..##.#
##o............#
##..........###
#..#..o.....#
#.##...........
................
.###.......#.##.#
##........# #


You could see an orc wizard (invisible), 4 orcs and an endoplasm.

Vanquished Creatures
  2 adders (D:2)
  A dart slug (D:2)
  4 orcs
  3 endoplasms
  3 giant cockroaches
  4 goblins
  5 hobgoblins
  6 kobolds
  2 quokkas (D:2)
  8 ball pythons
  9 bats
  2 frilled lizards
  5 rats
54 creatures vanquished.

Notes
Turn   | Place    | Note
-------+----------+-------------------------------------------
     0 | D:1      | styxcanada the Spriggan Brigand began the quest for the
                  | Orb.
     0 | D:1      | Reached XP level 1. HP: 10/10 MP: 2/2
    22 | D:1      | Reached skill level 6 in Stealth
   103 | D:1      | Reached XP level 2. HP: 14/14 MP: 3/3
   904 | D:1      | Reached skill level 7 in Stealth
  1053 | D:2      | Reached XP level 3. HP: 18/18 MP: 4/4
  2037 | D:2      | Reached XP level 4. HP: 23/23 MP: 5/5
  2038 | D:2      | Found a faded altar of an unknown god.
  2175 | D:2      | Learned a level 3 spell: Conjure Flame
  2224 | D:3      | Slain by an orc

Illustrated notes

Levels and vault maps discovered:
D:1:      zelgadis_glass_arrival_small, layout_basic
D:2:      minmay_diamond_boxcup, layout_loops_corners,
          ebering_ecumenical_altar_rust, st_stairs_3
D:3:      layout_rooms, trog_butcher_becter, minmay_overflow_temple_hex

Skill      XL: |  1  2  3 |
---------------+----------+-----
Stealth        | 6 7 |  7.9
Dodging        | 2 |  2.1
Fighting       | |  1.7
Short Blades   | |  2.6
Throwing       | |  2.0
Conjurations   | |  0.1

Action                   |  1- 3 |  4- 6 || total
-------------------------+-------+-------++-------
Melee: Dagger            |    87 |    11 ||    98
Throw: Dart              |     6 |       ||     6
  Use: Scroll            |     4 |     1 ||     5
 Stab: Sleeping          |    18 |     1 ||    19
Armor: Robe              |     2 |     3 ||     5
Dodge: Dodged            |    52 |     9 ||    61
